 Dungeon Crawl Stone Soup version 0.19.0-20-gbc5f0c6 (webtiles) character file.

51 smedtjen the Stinger (level 3, 0/24 HPs)
             Began as a Demonspawn Venom Mage on Nov 17, 2016.
             Succumbed to an adder's poison
             ... on level 2 of the Dungeon.
             The game lasted 00:17:18 (2660 turns).

smedtjen the Stinger (Demonspawn Venom Mage)        Turns: 2660, Time: 00:17:19

Health: 0/24       AC:  6    Str:  8    XL:     3   Next: 57%
Magic:  1/7        EV: 12    Int: 17    God:
Gold:   46         SH:  0    Dex: 13    Spells: 1 memorised, 6 levels left

rFire  + . .     SeeInvis .     d - +0 whip
rCold  . . .     Gourm    .     a - +0 robe
rNeg   . . .     Faith    .     (no shield)
rPois  .         Spirit   .     (no helmet)
rElec  .         Reflect  .     (no cloak)
rCorr  .         Harm     .     q - +1 pair of gloves
MR     .....                    (no boots)
Stlth  ++........               (no amulet)
                                (no ring)
                                n - ring of protection from fire

@: lethally poisoned (0 -> -5), very slightly contaminated, invisible
A: molten scales 1
a: no special abilities


You were on level 2 of the Dungeon.
You were hungry.

You visited 1 branch of the dungeon, and saw 2 of its levels.

You collected 46 gold pieces.

Inventory:

Hand Weapons
 d - a +0 whip (weapon)
 f - a +0 dagger
 i - a +0 dagger
 j - a +0 club
 s - a cursed -2 dagger
Missiles
 e - 38 stones (quivered)
 l - 15 poisoned needles
 o - 24 bolts
Armour
 a - a +0 robe (worn)
 m - a +0 scale mail
 q - a +1 pair of gloves (worn)
Jewellery
 n - a ring of protection from fire (left hand)
Potions
 k - a potion of invisibility
Books
 b - a Young Poisoner's Handbook

   Spells                             Type                      Level
   a - Sting                          Conjuration/Poison           1
   b - Mephitic Cloud                 Conjuration/Poison/Air       3
   c - Olgreb's Toxic Radiance        Poison                       4
   d - Alistair's Intoxication        Transmutation/Poison         5
   e - Venom Bolt                     Conjuration/Poison           5
Comestibles
 c - 2 bread rations
 g - 2 inedible chunks of flesh
 h - a meat ration


   Skills:
 + Level 1.9 Dodging
 + Level 1.9 Stealth
 + Level 2.6 Spellcasting
 + Level 1.0 Conjurations
 + Level 4.6 Poison Magic


You had 6 spell levels left.
You knew the following spells:

 Your Spells              Type           Power        Failure   Level  Hunger
a - Sting                 Conj/Pois      ##..         10%         1    #......


Dungeon Overview and Level Annotations

Branches:
Dungeon (2/15)

Altars:
Cheibriados
Dithmenos
Gozag
Xom
The Shining One


Innate Abilities, Weirdness & Mutations

You are partially covered in molten scales. (AC +2)


Message History

* * * LOW HITPOINT WARNING * * *
You feel sick.
You start eating the slice of pizza.
The adder barely misses you. The adder misses you.
You are feeling hungry.
Mmm...
Vegetable.
You start eating the meat ration.
Keep eating? [Y]es or [N]o only, please.
Keep eating? [Y]es or [N]o only, please.
Keep eating? [Y]es or [N]o only, please.
Keep eating?
You stop eating.
* * * LOW HITPOINT WARNING * * *
You feel sick. The adder closely misses you.
* * * LOW HITPOINT WARNING * * *
You feel sick. The adder misses you.
You die...

#.........................###
#..####.####.######..........
#..# #.# #.# #.#####.... #..#
#.####.## #.# #####
#..####.......#####.#
#...................#
#.##########..#######
#.##########.##
#.........S.@# ##############


You could see an adder (inner flame).

Vanquished Creatures
  2 adders (D:2)
  2 dart slugs
  A giant cockroach (D:2)
  6 goblins
  2 hobgoblins
  4 kobolds
  5 bats
  4 frilled lizards
  4 rats
30 creatures vanquished.

Notes
Turn   | Place    | Note
-------+----------+-------------------------------------------
     0 | D:1      | smedtjen the Demonspawn Venom Mage began the quest for the Orb.
     0 | D:1      | Reached XP level 1. HP: 13/13 MP: 3/3
   820 | D:1      | Gained mutation: You are partially covered in molten scales. (AC +2) [demonic ancestry]
   820 | D:1      | Reached XP level 2. HP: 17/19 MP: 3/5
  1681 | D:2      | Reached XP level 3. HP: 13/24 MP: 0/6
  1938 | D:2      | Found an opulent altar of Gozag.
  1938 | D:2      | Found a snail-covered altar of Cheibriados.
  2011 | D:2      | Found a glowing golden altar of the Shining One.
  2126 | D:2      | Found a shadowy altar of Dithmenos.
  2435 | D:2      | Reached skill level 1 in Conjurations
  2541 | D:2      | Found a shimmering altar of Xom.
  2542 | D:2      | Found a shimmering altar of Xom.
  2547 | D:2      | Found a shimmering altar of Xom.
  2547 | D:2      | Found a shimmering altar of Xom.
  2656 | D:2      | HP: 1/24 [poisoned by an adder]
  2660 | D:2      | Succumbed to an adder's poison

Skill      XL: |  1  2  3 |
---------------+----------+-----
Conjurations   | 1 |  1.0
Dodging        | |  1.9
Stealth        | |  1.9
Spellcasting   | |  2.6
Poison Magic   | |  4.6

Action                   || total
-------------------------++-------
Melee: Unarmed           ||     2
       Whip              ||    15
 Cast: Sting             ||    63
  Use: Scroll            ||     5
       Potion            ||     1
  Eat: Chunk             ||     4
       Pizza             ||     1
Armor: Robe              ||    33
Dodge: Dodged            ||    60
